 Dungeon Crawl Stone Soup version 0.19-a0-1065-gdac414d (webtiles) character file.

481135 Fv001 the Hoplite (level 26, -3/207 HPs)
             Began as a Formicid Fighter on Aug 1, 2016.
             Was a High Priest of Okawaru (penitent).
             Killed from afar by a titan (9 damage)
             ... with a bolt of lightning
             ... on level 5 of the Vaults on Aug 4, 2016.
             The game lasted 04:32:03 (58513 turns).

Fv001 the Hoplite (Formicid Fighter)               Turns: 58513, Time: 04:32:04

Health: -3/207     AC: 33    Str: 29    XL:     26   Next: 11%
Magic:  43/43      EV: 14    Int: 22    God:    Okawaru [*]
Gold:   2628       SH: 29    Dex: 15    Spells: 1 memorised, 20 levels left

rFire  . . .     SeeInvis +     a - +9 battleaxe of Heff {holy, Int+4}
rCold  + . .     Gourm    .     l - +5 crystal plate armour of Lethargy {rElec Int+6}
rNeg   + . .     Faith    .     A - +1 large shield "Mettabb" {rElec MP+9}
rPois  .         Spirit   .     (helmet unavailable)
rElec  +         Dismiss  .     n - +2 cloak of Resonance {*Contam +Inv Dex+2}
rCorr  .         Reflect  +     e - +2 pair of gloves of the Swan {+Fly Str+3}
SustAt .         Harm     .     y - +2 pair of boots {Fly}
MR     ++...                    T - +2 amulet of reflection
Stlth  ..........               O - ring of protection from cold
                                D - ring of positive energy

@: flying, studying Crossbows
A: permanent stasis, dig shafts and tunnels, four strong arms, antennae 3,
deformed body
a: Dig, Shaft Self, Renounce Religion, Evoke Invisibility, Stop Flying
}: 2/15 runes: serpentine, barnacled


You were on level 5 of the Vaults.
You worshipped Okawaru.
Okawaru was demanding penance.
You were not hungry.

You visited 8 branches of the dungeon, and saw 40 of its levels.
You also visited: Labyrinth and Trove.

You collected 5201 gold pieces.
You spent 2573 gold pieces at shops.

Inventory:

Hand Weapons
 a - the +9 battleaxe of Heff (weapon) {holy, Int+4}
   (You found it on level 6 of the Lair of Beasts)

   It has been blessed by the Shining One to cause great damage to the undead
   and demons.
   It affects your intelligence (+4).
 b - a +2 triple crossbow of flaming
 m - a +4 arbalest of freezing
Missiles
 w - 2261 bolts
Armour
 e - the +2 pair of gloves of the Swan (worn) {+Fly Str+3}
   (You bought it in a shop on level 14 of the Dungeon)

   It affects your strength (+3).
   It lets you fly.
 l - the +5 crystal plate armour of Lethargy (worn) {rElec Int+6}
   (Okawaru gifted it to you on level 4 of the Vaults)

   It affects your intelligence (+6).
   It insulates you from electricity.
 n - the +2 cloak of Resonance (worn) {*Contam +Inv Dex+2}
   (You found it on level 1 of the Lair of Beasts)

   It affects your dexterity (+2).
   It lets you turn invisible.
   It causes magical contamination when unequipped.
 y - a +2 pair of boots of flying (worn)
 A - the +1 large shield "Mettabb" (worn) {rElec MP+9}
   (You found it on level 7 of the Dungeon)

   It insulates you from electricity.
   It affects your magic capacity (+9).
Rods
 c - a +3 rod of clouds (17/17)
   (You found it on level 2 of the Elven Halls)
Jewellery
 t - the ring "Fasamma" {rPois rC+ Dex+3, unknown}
   (You took it off a deep elf sorcerer on level 5 of the Vaults)

   [ring of dexterity]

   It affects your dexterity (+3).
   It protects you from cold.
   It protects you from poison.
 D - a ring of positive energy (left hand)
 E - a cursed ring of teleportation {unknown}
 F - an uncursed ring of sustain attributes {unknown}
 I - an uncursed amulet of faith {unknown}
 O - a ring of protection from cold (right hand)
 P - an uncursed ring of protection from magic {unknown}
 T - a +2 amulet of reflection (around neck)
 U - a +3 ring of dexterity {unknown}
 V - an uncursed ring of protection from fire {unknown}
Wands
 f - a wand of lightning (2/15)
 j - a wand of heal wounds (0/9)
 x - a wand of flame (30/48)
 C - a wand of teleportation (3/9)
 G - a wand of flame (10/48)
 M - a wand of acid (6/15)
 Q - a wand of iceblast (4/15)
Scrolls
 d - 9 scrolls of fear
 q - 5 scrolls of recharging
 v - 15 scrolls of remove curse
 z - a scroll of magic mapping
 B - 2 scrolls of silence
Potions
 h - a potion of cancellation
 p - 10 potions of curing
 s - a potion of cure mutation
 u - a potion of agility
 K - 2 potions of might
 L - a potion of resistance
Books
 H - a manual of Crossbows
Miscellaneous
 i - a lamp of fire (inert)
 R - a fan of gales (inert)
 S - a phial of floods (inert)
Comestibles
 k - 25 bread rations
 r - 10 chunks of flesh


   Skills:
 + Level 16.8 Fighting
 + Level 15.2 Axes
 + Level 14.2 Crossbows
 + Level 16.4 Armour
 + Level 14.3 Dodging
 * Level 23.6 Shields
 - Level 6.4 Earth Magic
 - Level 10.0 Invocations
 + Level 15.3 Evocations


You had 20 spell levels left.
You knew the following spells:

 Your Spells              Type           Power        Failure   Level  Hunger
a - Lee's Rapid Deconstr  Erth           ####......   100%        5    ######.


Dungeon Overview and Level Annotations

Branches:
Dungeon (15/15)            Temple (1/1) D:6            Lair (6/6) D:8
 Shoals (4/4) Lair:3        Snake (4/4) Lair:3        Slime (0/5) Lair:6
    Orc (2/2) D:10            Elf (3/3) Orc:2        Vaults (5/5) D:13
  Crypt (0/3) Vaults:3     Depths (0/5) D:15

Altars:
Ashenzari
Cheibriados
Dithmenos
Elyvilon
Fedhas
Gozag
Hepliaklqana
Kikubaaqudgha
Makhleb
Nemelex Xobeh
Okawaru
Pakellas
Qazlal
Ru
Sif Muna
Trog
Uskayaw
Vehumet
Xom
Yredelemnul
Zin
The Shining One
Jiyva

Shops:
D:10 %?   D:14 (*[[(   Orc:2 :}?}   Elf:2 ?


Innate Abilities, Weirdness & Mutations

You are under a permanent stasis effect.
You can dig through walls and to a lower floor.
Your four strong arms can wield two-handed weapons with a shield.
You have a pair of large antennae on your head. (SInv)
Armour fits poorly on your strangely shaped body.


Message History

The air twists around and violently strikes you in flight!
You feel much better.
You block the golden dragon's attack. x3
The frost giant's soul is no longer bound.
The titan waves its arms in wide circles.
The air twists around and violently strikes you in flight!
* * * LOW HITPOINT WARNING * * *
Evoke which item? (* to show all) (? for menu, Esc to quit)
Zapping:
C - a wand of teleportation (4/9)
Press: ? - help, Shift-Dir - straight line, f - golden dragon
Aim: a golden dragon (lightly wounded, bound soul, chance to defeat MR: 0%)
The golden dragon resists with almost no effort.
This wand has 3 charges left.
The titan's soul is no longer bound.
The golden dragon's soul is no longer bound.
The golden dragon bites you.
* * * LOW HITPOINT WARNING * * *
You block the golden dragon's attack. x2
The titan casts a spell at you.
The bolt of lightning hits the golden dragon.
The golden dragon resists.
The bolt of lightning hits you! You resist.
You die...

#.[............. .......<
#.)............. .........
#............... .........
#....########### ######...
#............ .......
#..#......... .....#.
#..#..##################..#..#.
#..#........C.............#..#.
#..#....Tp..CD@...........#..#.
#..#..###############..# #.
#..#.T.........≈§§§§§).#
#..#..{C.......pp≈§§§†D#
#..#..#..############).#
#..#T.# ..# {#..#..# (.#
{{#..#..# ..# {#..#..# ..#


You could see a titan, a golden dragon, a frost giant, a vault warden and a deep
troll.

Vanquished Creatures
  An ancient lich (Vaults:5)
  Sojobo (Vaults:4)
  Bai Suzhen (Snake:4)
  Xtahua (Vaults:2)
  Nikola (Elf:2)
  A lich (Vaults:3)
  Jorgrun (Snake:3)
  A tentacled monstrosity (Vaults:5)
  Asterion (Elf:2)
  2 deep elf blademasters (Elf:3)
  A quicksilver dragon (Vaults:5)
  A titan (Vaults:5)
  Gastronok (Lair:3)
  Polyphemus (Shoals:3)
  2 sphinxes (Vaults:5)
  A kraken (Shoals:2)
  Kirke (Lair:5)
  2 storm dragons
  Ilsuiw (Shoals:4)
  Roxanne (Snake:2)
  Donald (Snake:2)
  7 greater nagas
  4 tengu reavers
  11 vault wardens
  5 deep elf sorcerers
  3 frost giants
  5 fire giants
  3 deep elf elementalists
  A ghoul (Vaults:3)
  10 ironheart preservers
  7 very ugly things
  5 stone giants
  2 war gargoyles
  4 deep elf annihilators (Elf:3)
  7 deep elf demonologists
  2 merfolk javelineers (Shoals:4)
  2 ettins (Vaults:4)
  8 deep elf death magi
  Josephine (D:12)
  12 merfolk impalers
  A minotaur (Lab)
  2 fire dragons
  2 great orbs of eyes
  2 deep elf high priests (Elf:3)
  10 yaktaur captains
  3 rakshasas (Vaults:1)
  19 naga warriors
  41 vault guards
  6 hydras
  3 catoblepae
  13 anacondas
  5 ice dragons
  3 merfolk aquamancers (Shoals:4)
  8 centaur warriors
  3 alligator snapping turtles (Shoals:4)
  3 death knights
  32 dancing weapons
  4 merfolk avatars
  9 death yaks
  2 satyrs
  6 ogre magi
  3 tengu warriors
  A titan zombie (Vaults:3)
  25 deep elf knights
  11 shock serpents
  13 naga sharpshooters
  A small abomination (Elf:3)
  A shadow wraith (Vaults:5)
  5 skeletal warriors
  17 sea snakes
  A giant orange brain (Vaults:1)
  5 unseen horrors
  4 salamander mystics
  8 deep trolls
  6 naga ritualists
  9 deep elf archers
  16 ironbrand convokers
  6 hill giants
  The ghost of simpaon the Martial Artist, a novice OpWn of Makhleb (D:6)
  2 wizards
  Pikel (D:5)
  17 harpies
  18 orc knights
  5 orc sorcerers
  10 mana vipers
  4 necromancers
  3 human zombies
  2 hornets (shapeshifter)
  78 deep elf magi
  A frost giant zombie (Vaults:3)
  36 ugly things
  10 wolf spiders
  2 hornets
  7 cyclopes
  An orb spider (shapeshifter) (Vaults:2)
  12 griffons
  11 fauns
  14 salamanders
  A fire giant zombie (Vaults:5)
  12 manticores
  17 elephants
  8 water nymphs
  11 sirens
  A guardian serpent (Snake:3)
  18 naga magi
  33 black mambas
  27 spiny frogs
  13 vault sentinels
  2 gargoyles
  A rime drake (shapeshifter) (Elf:1)
  2 centaur skeletons (D:14)
  8 komodo dragons
  36 yaktaurs
  2 yaktaur zombies
  9 freezing wraiths
  2 tengu conjurers (D:13)
  3 efreet
  A meliai (shapeshifter) (Vaults:2)
  9 trolls
  4 giant leeches (Lair:6)
  28 merfolk
  2 polar bears
  A shadow dragon simulacrum (Vaults:3)
  17 blink frogs
  4 wind drakes
  11 slime creatures
  8 two-headed ogres
  7 boulder beetles
  Prince Ribbit (D:6)
  A queen bee (Lair:3)
  A fire giant simulacrum (Vaults:3)
  10 snapping turtles
  An ettin zombie (Vaults:5)
  2 meliai zombies
  3 centaur simulacra
  Sigmund (D:3)
  12 water elementals
  A wyvern (D:15)
  A shadow (D:14)
  An air elemental (Orc:2)
  2 hogs
  2 humans (D:13)
  A human (shapeshifter) (Vaults:4)
  7 wraiths
  8 basilisks
  25 yaks
  A golden eye (shapeshifter) (Vaults:2)
  A fire elemental (Elf:1)
  A hog (shapeshifter) (Vaults:4)
  A basilisk (shapeshifter) (Vaults:2)
  3 hungry ghosts
  15 hippogriffs
  10 vampire mosquitoes
  The ghost of Kaname the Sneak, an amateur HEWn (D:3)
  4 wargs
  2 mottled dragons
  A deep troll zombie (Vaults:5)
  64 nagas
  A soldier ant (shapeshifter) (Vaults:3)
  A soldier ant (D:13)
  9 porcupines
  19 water moccasins
  9 ice beasts
  A black bear (Lair:3)
  56 orc warriors
  An eye of draining (D:11)
  5 sky beasts
  A wasp (D:13)
  An eye of draining (shapeshifter) (Vaults:4)
  35 ogres
  7 boggarts (Vaults:1)
  2 phantoms
  A tengu (shapeshifter) (D:13)
  2 necrophages (D:10)
  20 wolves
  20 centaurs
  A human skeleton (Vaults:3)
  10 crocodiles
  Blork the orc (D:5)
  A gnoll sergeant (D:12)
  A wyvern zombie (D:10)
  29 giant frogs
  4 earth elementals
  A wyvern skeleton (D:11)
  5 scorpions
  34 killer bees
  9 wights
  4 electric eels (Lair:6)
  9 crimson imps
  3 centaur zombies
  2 giant frog zombies
  4 hounds
  3 human simulacra
  3 jellies
  A giant frog skeleton (D:11)
  Crazy Yiuf (D:3)
  22 orc priests
  20 orc wizards
  11 iguanas
  8 worker ants
  16 sheep
  2 killer bee zombies
  A hound zombie (D:6)
  A hound skeleton (D:8)
  Robin (D:3)
  10 gnolls
  31 river rats
  18 adders
  4 shadow imps
  2 white imps
  An ufetubus (D:12)
  An ooze (D:1)
  An adder zombie (D:8)
  An adder skeleton (D:8)
  A worm (D:3)
  A dart slug (D:2)
  5 giant geckos
  130 orcs
  4 giant cockroaches
  18 hobgoblins
  24 jackals
  7 quokkas
  3 ball pythons
  7 bats
  A giant gecko skeleton (D:6)
  A giant gecko zombie (D:5)
  5 giant newts
  14 goblins
  12 kobolds
  A quokka zombie (D:6)
  5 rats
  2 crawling corpses (Elf:3)
  3 fungi
  17 plants
  A tentacle (Shoals:2)
1879 creatures vanquished.

Vanquished Creatures (collateral kills)
  A greater naga (Snake:4)
  A naga ritualist (Snake:4)
  2 ugly things (D:15)
  An elephant (Lair:6)
  A naga mage (Snake:4)
  A spiny frog (Lair:6)
  3 nagas (Snake:4)
10 creatures vanquished.

Vanquished Creatures (others)
  2 deep elf master archers (Elf:3)
  A tengu reaver (Vaults:4)
  Aizul (Snake:2)
  A vault warden (Vaults:2)
  A deep elf elementalist (Elf:3)
  An ironheart preserver (Vaults:4)
  4 stone giants
  2 merfolk javelineers (Shoals:4)
  A yaktaur captain (Vaults:3)
  A vault guard (Vaults:5)
  A satyr (Shoals:3)
  4 centaur warriors
  5 naga sharpshooters
  7 deep elf archers
  A giant orange brain (Vaults:4)
  A deep elf mage (Elf:1)
  2 manticores
  A wolf spider (Vaults:2)
  A salamander (Snake:3)
  4 cyclopes
  A vault sentinel (Vaults:2)
  6 fauns
  3 naga magi
  13 yaktaurs
  A merfolk (Shoals:1)
  A two-headed ogre (Vaults:5)
  A human (Lair:5)
  An orc warrior (Vaults:1)
  An ogre (D:5)
  A tengu (shapeshifter) (D:14)
  3 centaurs
  A howler monkey (D:5)
  A crimson imp (D:13)
  A bush (Lair:2)
  7 fungi
  32 plants
  11 tentacles (Shoals:2)
  244 tentacle segments (Shoals:2)
371 creatures vanquished.

Grand Total: 2260 creatures vanquished

Notes
Turn   | Place    | Note
-------+----------+-------------------------------------------
     0 | D:1      | Fv001 the Formicid Fighter began the quest for the Orb.
     0 | D:1      | Reached XP level 1. HP: 18/18 MP: 1/1
   237 | D:1      | Reached XP level 2. HP: 24/24 MP: 2/2
   416 | D:1      | Reached XP level 3. HP: 27/29 MP: 3/3
   629 | D:1      | Reached skill level 4 in Shields
   838 | D:2      | Reached XP level 4. HP: 29/37 MP: 4/4
   935 | D:2      | Found an iron altar of Okawaru.
   935 | D:2      | Found a bloodstained altar of Trog.
  1046 | D:2      | Became a worshipper of Warmaster Okawaru
  1213 | D:2      | Reached skill level 1 in Dodging
  1503 | D:2      | Reached XP level 5. HP: 42/42 MP: 5/5
  1663 | D:3      | Noticed Robin
  1678 | D:2      | Reached skill level 5 in Shields
  1822 | D:3      | Killed Robin
  1964 | D:3      | Noticed Sigmund
  1967 | D:3      | Noticed Kaname's ghost (amateur HEWn)
  1991 | D:3      | Killed Kaname's ghost
  1991 | D:3      | Reached * piety under Okawaru
  1991 | D:3      | Reached XP level 6. HP: 36/49 MP: 6/6
  2080 | D:3      | Killed Sigmund
  2080 | D:3      | Reached skill level 6 in Shields
  2080 | D:3      | Reached XP level 7. HP: 40/55 MP: 4/7
  2517 | D:3      | Found a runed door.
  2753 | D:3      | Noticed Crazy Yiuf
  2757 | D:3      | Killed Crazy Yiuf
  2927 | D:4      | Found a basalt altar of Yredelemnul.
  2932 | D:4      | Found a glowing golden altar of the Shining One.
  2934 | D:4      | Noticed an angel
  2939 | D:4      | Reached skill level 1 in Invocations
  2953 | D:4      | Noticed a profane servitor
  3069 | D:4      | Reached ** piety under Okawaru
  3368 | D:4      | Reached skill level 5 in Fighting
  3368 | D:4      | Reached XP level 8. HP: 59/62 MP: 9/9
  3485 | D:4      | Reached skill level 5 in Armour
  3706 | D:5      | Entered Level 5 of the Dungeon
  3707 | D:5      | Upgraded the game from 0.19-a0-1050-g8e71ee3 to 0.19-a0-1064-geb5102e
  3919 | D:5      | Reached skill level 7 in Shields
  4196 | D:5      | Noticed Pikel
  4207 | D:5      | Killed Pikel
  4207 | D:5      | Reached *** piety under Okawaru
  4207 | D:5      | Reached XP level 9. HP: 64/68 MP: 7/11
  4548 | D:5      | Found a burning altar of Makhleb.
  4583 | D:5      | Noticed Blork the orc
  4594 | D:5      | Killed Blork the orc
  4594 | D:5      | Reached skill level 8 in Shields
  4856 | D:6      | Noticed Prince Ribbit
  4857 | D:6      | Noticed simpaon's ghost (novice OpWn)
  4874 | D:6      | Killed simpaon's ghost
  4874 | D:6      | Reached skill level 5 in Axes
  5236 | D:6      | Found a staircase to the Ecumenical Temple.
  5242 | Temple   | Entered the Ecumenical Temple
  5517 | D:6      | Killed Prince Ribbit
  5517 | D:6      | Reached skill level 9 in Shields
  5552 | D:6      | Reached XP level 10. HP: 74/77 MP: 13/13
  5687 | D:7      | Found a shadowy altar of Dithmenos.
  5777 | D:7      | Found an oddly glowing altar of Pakellas.
  5794 | D:7      | Found a shimmering altar of Xom.
  5794 | D:7      | Found a glowing silver altar of Zin.
  5795 | D:7      | Found a stormy altar of Qazlal.
  5796 | D:7      | Found a radiant altar of Vehumet.
  5796 | D:7      | Found a sparkling altar of Nemelex Xobeh.
  5797 | D:7      | Found a sacrificial altar of Ru.
  5800 | D:7      | Got a heavily runed large shield
  5811 | D:7      | Identified the +1 large shield "Mettabb" {rElec MP+9} (You found it on level 7 of the Dungeon)
  5829 | D:7      | Reached **** piety under Okawaru
  5829 | D:7      | Reached skill level 1 in Evocations
  5911 | D:7      | Reached skill level 5 in Invocations
  6886 | D:8      | Reached skill level 10 in Shields
  6917 | D:8      | Found a staircase to the Lair.
  6994 | D:8      | Found a sacrificial altar of Ru.
  7282 | Lair:1   | Entered Level 1 of the Lair of Beasts
  7346 | Lair:1   | Noticed a spiny frog
  7360 | Lair:1   | Killed a spiny frog
  7360 | Lair:1   | Reached ***** piety under Okawaru
  7360 | Lair:1   | Reached skill level 5 in Dodging
  7363 | Lair:1   | Noticed a black mamba
  7373 | Lair:1   | Killed a black mamba
  7491 | Lair:1   | Got a steaming cloak
  7532 | Lair:1   | Found a labyrinth entrance.
  7578 | Lab      | Entered a labyrinth
  8046 | Lab      | Noticed a minotaur
  8069 | Lab      | Killed a minotaur
  8069 | Lab      | Reached XP level 11. HP: 57/84 MP: 15/15
  8084 | Lab      | Identified the +2 cloak of Resonance {*Contam +Inv Dex+2} (You found it on level 1 of the Lair of Beasts)
  8189 | Lair:1   | Learned a level 5 spell: Lee's Rapid Deconstruction
  8210 | Lair:1   | Received a gift from Okawaru
  8303 | Lair:1   | Reached skill level 1 in Earth Magic
  9217 | Lair:2   | Noticed a four-headed hydra
  9230 | Lair:2   | Killed a four-headed hydra
  9230 | Lair:2   | Reached skill level 11 in Shields
  9432 | Lair:2   | Received a gift from Okawaru
  9477 | Lair:2   | Noticed an elephant
  9477 | Lair:2   | Noticed an elephant
  9477 | Lair:2   | Noticed an elephant
  9482 | Lair:2   | Noticed an elephant
  9484 | Lair:2   | Noticed an elephant
  9489 | Lair:2   | Noticed an elephant
  9500 | Lair:2   | Killed an elephant
  9510 | Lair:2   | Killed an elephant
  9516 | Lair:2   | Killed an elephant
  9519 | Lair:2   | Killed an elephant
  9522 | Lair:2   | Killed an elephant
  9522 | Lair:2   | Reached XP level 12. HP: 55/94 MP: 17/17
  9805 | Lair:2   | Reached skill level 5 in Evocations
 10168 | Lair:2   | Reached skill level 12 in Shields
 10305 | Lair:2   | Noticed a death yak
 10306 | Lair:2   | Noticed a death yak
 10326 | Lair:2   | Killed a death yak
 10329 | Lair:2   | Noticed a death yak
 10336 | Lair:2   | Killed a death yak
 10337 | Lair:2   | Noticed a death yak
 10344 | Lair:2   | Killed a death yak
 10350 | Lair:2   | Killed a death yak
 10351 | Lair:2   | Noticed a death yak
 10357 | Lair:2   | Killed a death yak
 10358 | Lair:2   | Noticed a death yak
 10365 | Lair:2   | Killed a death yak
 10569 | Lair:2   | Reached skill level 5 in Earth Magic
 10583 | Lair:2   | Reached XP level 13. HP: 38/101 MP: 19/19
 10585 | Lair:2   | Received a gift from Okawaru
 11069 | Lair:3   | Found a staircase to the Shoals.
 11404 | Lair:3   | Noticed Gastronok
 11438 | Lair:3   | Killed Gastronok
 11629 | Lair:3   | Found a staircase to the Snake Pit.
 11675 | Lair:3   | Reached skill level 13 in Shields
 11707 | Lair:3   | Noticed a six-headed hydra
 11717 | Lair:3   | Killed a six-headed hydra
 11912 | Lair:3   | Noticed a seven-headed hydra
 11918 | Lair:3   | Killed a seven-headed hydra
 12565 | Lair:4   | Reached skill level 10 in Fighting
 13735 | Lair:5   | Received a gift from Okawaru
 13847 | Lair:5   | Noticed a five-headed hydra
 13865 | Lair:5   | Killed a five-headed hydra
 14223 | Lair:5   | Noticed Kirke
 14289 | Lair:5   | Noticed a catoblepas
 14463 | Lair:4   | Reached XP level 14. HP: 73/110 MP: 21/21
 15128 | Lair:5   | Received a gift from Okawaru
 15192 | Lair:5   | Killed Kirke
 15692 | Lair:5   | Reached skill level 14 in Shields
 15827 | Lair:6   | Entered Level 6 of the Lair of Beasts
 16061 | Lair:6   | Reached skill level 10 in Armour
 16294 | Lair:6   | Reached skill level 10 in Invocations
 16802 | Lair:6   | Received a gift from Okawaru
 17245 | Lair:6   | Received a gift from Okawaru
 17570 | Lair:6   | Reached XP level 15. HP: 118/118 MP: 22/22
 17682 | Lair:6   | Got a bone battleaxe
 17683 | Lair:6   | Identified the +9 battleaxe of Heff {holy, Int+4} (You found it on level 6 of the Lair of Beasts)
 17972 | Lair:6   | Found a staircase to the Slime Pits.
 17977 | Lair:6   | Found a viscous altar of Jiyva.
 18995 | D:10     | Entered Level 10 of the Dungeon
 19104 | D:10     | Found Uqyff's Magic Scroll Boutique.
 19117 | D:10     | Bought a scroll of magic mapping for 52 gold pieces
 19117 | D:10     | Bought a scroll of silence for 112 gold pieces
 19117 | D:10     | Bought a scroll of recharging for 142 gold pieces
 19117 | D:10     | Bought a scroll of remove curse for 45 gold pieces
 19117 | D:10     | Bought a scroll of amnesia for 52 gold pieces
 19208 | D:10     | Found Roptudac's Food Emporium.
 19579 | D:10     | Reached ****** piety under Okawaru
 19579 | D:10     | Reached skill level 15 in Shields
 19641 | D:10     | Found a staircase to the Orcish Mines.
 19682 | Orc:1    | Entered Level 1 of the Orcish Mines
 19824 | Orc:2    | Entered Level 2 of the Orcish Mines
 19848 | Orc:2    | Found a staircase to the Elven Halls.
 20127 | Orc:1    | Found a radiant altar of Vehumet.
 20303 | Orc:1    | Received a gift from Okawaru
 20824 | Orc:2    | Reached skill level 1 in Crossbows
 21338 | Orc:2    | Found Sucoimao's Magic Scroll Boutique.
 21338 | Orc:2    | Found Lied's Gadget Shoppe.
 21342 | Orc:2    | Found Tiodemus's Book Emporium.
 21344 | Orc:2    | Found Gotre's Gadget Shop.
 21348 | Orc:2    | Bought a scroll of acquirement for 832 gold pieces
 21348 | Orc:2    | Bought a scroll of identify for 32 gold pieces
 21348 | Orc:2    | Bought a scroll of identify for 32 gold pieces
 21348 | Orc:2    | Bought a scroll of holy word for 120 gold pieces
 21377 | Orc:2    | Bought a phial of floods for 600 gold pieces
 22167 | D:12     | Found a hide-covered altar of Uskayaw.
 22305 | D:12     | Noticed Josephine
 22314 | D:12     | Killed Josephine
 22314 | D:12     | Received a gift from Okawaru
 23063 | D:13     | Reached skill level 10 in Axes
 23082 | D:13     | Reached XP level 16. HP: 126/126 MP: 23/23
 23748 | D:13     | Reached skill level 16 in Shields
 23779 | D:13     | Found a gate to the Vaults.
 24295 | D:14     | Found Ubodon's Antique Armour Shop.
 24297 | D:14     | Found Afirry's Armour Shop.
 24304 | D:14     | Bought a pair of jewelled gloves for 228 gold pieces
 24314 | D:14     | Identified the +2 pair of gloves of the Swan {+Fly Str+3} (You bought it in a shop on level 14 of the Dungeon)
 24413 | D:14     | Found Hicu's Assorted Antiques.
 24441 | D:14     | Bought a black potion for 19 gold pieces
 24445 | D:14     | Found Qarchac's Weapon Shoppe.
 24522 | D:14     | Reached skill level 5 in Crossbows
 24694 | D:14     | Received a gift from Okawaru
 24840 | D:14     | Found Ahiet's Weapon Boutique.
 24932 | D:15     | Entered Level 15 of the Dungeon
 24990 | D:15     | Received a gift from Okawaru
 25556 | D:15     | Reached skill level 10 in Evocations
 25707 | D:15     | Received a gift from Okawaru
 25831 | D:15     | Found a staircase to the Depths.
 26200 | Snake:1  | Entered Level 1 of the Snake Pit
 26229 | Snake:1  | Received a gift from Okawaru
 26268 | Snake:1  | Reached XP level 17. HP: 106/134 MP: 24/24
 27278 | Snake:2  | Noticed Aizul
 27308 | Snake:2  | Killed Aizul
 27825 | Snake:2  | Reached skill level 17 in Shields
 28072 | Snake:2  | Reached skill level 10 in Dodging
 28313 | Snake:2  | Noticed Roxanne
 28736 | Snake:2  | Received a gift from Okawaru
 28807 | Snake:2  | Noticed Donald
 28819 | Snake:2  | Killed Donald
 28984 | Snake:2  | You fall through a shaft!
 28988 | Snake:3  | Got a bloodstained plate armour
 29739 | Snake:2  | Identified the cursed +1 plate armour of the Enchanted Forest {rC+ MP-9 SInv} (You found it on level 3 of the Snake Pit)
 31083 | Snake:3  | Reached XP level 18. HP: 44/142 MP: 26/26
 31426 | Snake:3  | Noticed Jorgrun
 31438 | Snake:3  | Killed Jorgrun
 31656 | Snake:3  | Received a gift from Okawaru
 32083 | Snake:2  | Killed Roxanne
 32091 | Snake:2  | Identified Roxanne's Almanac of the Rocks (You took it off Roxanne on level 2 of the Snake Pit)
 32317 | Snake:4  | Entered Level 4 of the Snake Pit
 32517 | Snake:4  | Reached skill level 18 in Shields
 33642 | Snake:4  | Received a gift from Okawaru
 33733 | Snake:4  | Received a gift from Okawaru
 34029 | Snake:4  | Reached XP level 19. HP: 148/150 MP: 27/27
 34083 | Snake:4  | Received a gift from Okawaru
 34263 | Snake:4  | Got a serpentine rune of Zot
 34948 | Snake:4  | Noticed Bai Suzhen
 34970 | Snake:4  | Killed Bai Suzhen
 35565 | Shoals:1 | Entered Level 1 of the Shoals
 36010 | Shoals:1 | Reached skill level 19 in Shields
 37474 | Shoals:2 | Found a shadowy altar of Dithmenos.
 38012 | Shoals:3 | Noticed Polyphemus
 38041 | Shoals:3 | Killed Polyphemus
 38749 | Shoals:3 | Received a gift from Okawaru
 39196 | Shoals:3 | Reached XP level 20. HP: 151/159 MP: 29/29
 39881 | Shoals:4 | Entered Level 4 of the Shoals
 40643 | Shoals:4 | Noticed Ilsuiw
 40646 | Shoals:4 | Received a gift from Okawaru
 40653 | Shoals:4 | Killed Ilsuiw
 41053 | Shoals:4 | Got a barnacled rune of Zot
 41315 | Shoals:4 | Reached skill level 20 in Shields
 41451 | Shoals:4 | Received a gift from Okawaru
 41904 | Shoals:2 | Received a gift from Okawaru
 42222 | D:14     | Bought a scroll of enchant armour for 165 gold pieces
 42301 | Vaults:1 | Entered Level 1 of the Vaults
 43151 | Vaults:1 | Reached skill level 10 in Crossbows
 43455 | Vaults:1 | Reached XP level 21. HP: 155/166 MP: 30/30
 44890 | Vaults:2 | Noticed Xtahua
 44899 | Vaults:2 | Killed Xtahua
 44982 | Vaults:2 | Reached XP level 22. HP: 173/173 MP: 31/31
 45075 | Vaults:2 | Received a gift from Okawaru
 45423 | Vaults:2 | Reached skill level 21 in Shields
 46611 | Vaults:3 | Reached skill level 15 in Fighting
 46884 | Vaults:3 | Reached XP level 23. HP: 162/181 MP: 33/33
 47079 | Vaults:3 | Found a staircase to the Crypt.
 47247 | Vaults:3 | Received a gift from Okawaru
 48487 | Vaults:4 | Received a gift from Okawaru
 48488 | Vaults:4 | Got a bloodstained crystal plate armour {god gift}
 48535 | Vaults:4 | Identified the +5 crystal plate armour of Lethargy {rElec Int+6} (Okawaru gifted it to you on level 4 of the Vaults)
 48683 | Vaults:4 | Reached skill level 15 in Armour
 48717 | Vaults:4 | Noticed Sojobo
 48757 | Vaults:4 | Killed Sojobo
 49889 | Vaults:4 | Reached skill level 22 in Shields
 50281 | Elf:1    | Entered Level 1 of the Elven Halls
 50304 | Elf:1    | Received a gift from Okawaru
 50304 | Elf:1    | Reached XP level 24. HP: 127/190 MP: 33/33
 50582 | Elf:1    | Received a gift from Okawaru
 51750 | Elf:1    | Found a portal to a secret trove of treasure.
 52346 | Elf:1    | You paid a toll of a +0 storm dragon hide to enter a treasure trove
 52347 | Trove    | Entered a treasure trove
 52362 | Trove    | Identified Beboidax's Grimoire of Shifting Confrontation
 52405 | Trove    | Identified Sif Muna's Grimoire of Protection and Sinister Secrets
 52989 | Elf:2    | Found a runed gate.
 52991 | Elf:2    | Found a runed gate.
 52991 | Elf:2    | Found a runed gate.
 53061 | Elf:2    | Found Qosmuasm's Magic Scroll Emporium.
 53069 | Elf:2    | Bought a scroll of enchant armour for 112 gold pieces
 53069 | Elf:2    | Bought a scroll of identify for 30 gold pieces
 53609 | Elf:2    | Noticed Nikola
 53627 | Elf:2    | Killed Nikola
 53855 | Elf:2    | Received a gift from Okawaru
 53897 | Elf:2    | Noticed Asterion
 53912 | Elf:2    | Killed Asterion
 54493 | Elf:3    | Entered Level 3 of the Elven Halls
 55372 | Elf:3    | Identified a +0 rod of clouds (14/14) (You found it on level 2 of the Elven Halls)
 55455 | Elf:3    | Reached XP level 25. HP: 146/197 MP: 33/33
 56100 | Elf:3    | Upgraded the game from 0.19-a0-1064-geb5102e to 0.19-a0-1065-gdac414d
 56665 | Elf:3    | Identified the Tome of Ghastly Dislocation
 56838 | Elf:3    | Identified Qagol's Incunabulum of Execration
 56841 | Elf:3    | Identified Rodaoho's Catalogue of Unstable Clay
 57114 | D:8      | You are sucked into a shaft for 3 floors!
 57117 | D:11     | You are sucked into a shaft for 2 floors!
 57286 | Vaults:5 | Entered Level 5 of the Vaults
 57295 | Vaults:5 | Reached skill level 23 in Shields
 57297 | Vaults:5 | Received a gift from Okawaru
 57313 | Vaults:5 | Received a gift from Okawaru
 57314 | Vaults:5 | Reached skill level 15 in Evocations
 57651 | Vaults:5 | Reached skill level 15 in Axes
 57739 | Vaults:5 | Got a pair of translucent gloves {god gift}
 57750 | Vaults:5 | Identified the +1 pair of gloves of Minor Irritation {Dex+3} (Okawaru gifted it to you on level 5 of the Vaults)
 57796 | Vaults:5 | Noticed an ancient lich
 57812 | Vaults:5 | Killed an ancient lich
 57825 | Vaults:5 | Gained mutation: Armour fits poorly on your strangely shaped body. [mutagenic glow]
 58274 | Vaults:5 | Received a gift from Okawaru
 58275 | Vaults:5 | Reached XP level 26. HP: 197/206 MP: 34/34
 58330 | Vaults:5 | Got a wavering turquoise ring
 58496 | Vaults:5 | Was placed under penance by Okawaru
 58497 | Vaults:5 | HP: 6/206 [titan/the air (15)]
 58513 | Vaults:5 | HP: 6/207 [golden dragon (6)]
 58513 | Vaults:5 | Killed from afar by a titan

Vault maps used:
D:1:      saegor_arrival_simple_e, corexii_item_surrounded_by_moat
D:2:      gammafunk_temple_overflow_wave
D:3:      first_bread, grunt_ministairs_1, uniq_robin, uniq_sigmund,
          uniq_crazy_yiuf_cottage
D:4:      grunt_temple_overflow_holy_war, serial_column_ruins, column_ruins_hut,
          column_ruins_hut, column_ruins_open_tiny, column_ruins_grid_1,
          column_ruins_columns_corner, column_ruins_columns_straight,
          column_ruins_corridor_corner, column_ruins_open_medium,
          column_ruins_open_medium
D:5:      makhleb_blood_cavern_becter, minivault_23, uniq_blork_the_orc,
          uniq_pikel
D:6:      st_stairs_9, uniq_prince_ribbit1
D:7:      grunt_dithmenos_smoke, kennysheep_mini, grunt_temple_overflow_open,
          minmay_misc_feat_rows, supply_closet_lemuel, minivault_25,
          grunt_ogre_cave
D:8:      lair_0_dummy, nicolae_ru_sacrificial_ziggurat
D:9:      special_room, kennysheep_small_circle
D:10:     orc_0_dummy, serial_shops, shop, nicolae_shop_crystal,
          columned_hall_lemuel
D:12:     serial_ice, serial_ice_a, serial_ice_o, serial_ice_e, serial_ice_h,
          basic_altar, uniq_josephine
D:13:     grunt_vaults_entry_fortified
D:14:     serial_shops, shop, nicolae_shop_window_shopping, shop,
          nicolae_shop_trees, nicolae_shop_crystal, roderic_serpentine_path
D:15:     grunt_enter_depths_hoard
Temple:   jpeg_temple_island
Lair:1:   lab_entry_generic, grunt_megastairs_1
Lair:2:   grunt_megastairs_4
Lair:3:   minmay_shoals_entry_lonely_mermaid, guppyfry_snake_entry_island,
          special_room, kennysheep_basilisk_garden, uniq_gastronok
Lair:4:   minmay_stone_trees_small
Lair:5:   uniq_kirke
Lair:6:   minmay_lair_end_frog_pond, slime_altar_1, lemuel_fruit_tree
Shoals:1: nicolae_shoals_square_sea_wall
Shoals:2: wheals_shoals_ruined_temple
Shoals:3: cheibrodos_shoals_roost, uniq_polyphemus
Shoals:4: shoals_end_grunt_ice, shoal_ilsuiw
Snake:1:  st_stairs_6
Snake:2:  minmay_snake_river, grunt_megastairs_3, uniq_roxanne, uniq_aizul,
          uniq_donald
Snake:3:  uniq_jorgrun
Snake:4:  minmay_snake_end_coiled, uniq_bai_suzhen
Orc:1:    cheibrodos_orc_bank, basic_altar
Orc:2:    st_orc_rangers
Elf:1:    minmay_elf_arrival_plus, enter_trove_5, evilmike_minifort,
          serial_sigils_hangedman_stare, st_stairs_5
Elf:2:    serial_shops, shop_scrolls, serial_co_window_serial,
          co_window_paths_a, co_window_of_opportunity_a, co_window_paths_a,
          co_window_paths_a, co_window_of_opportunity_a, co_window_paths_a,
          co_window_paths_c, co_window_of_opportunity_b, co_window_corner_ca,
          glass_columns_a, glass_columns_a, glass_columns_c, glass_columns_b,
          glass_columns_c, uniq_nikola, uniq_asterion
Elf:3:    elf_hall_gauntlet_wide
Vaults:1: hangedman_vaults_nails, nicolae_vaults_three_branches, v_misc_12,
          ontoclasm_vaults_misaligned, vaults_dpeg_diagonal, v_misc_30,
          vaults_mumra_hex, nicolae_vaults_ninety_degrees,
          ontoclasm_vaults_gateway
Vaults:2: v_misc_18, vaults_room_grunt_arrival_ludios,
          nicolae_vaults_yaktaur_gun_rack, nicolae_vaults_border_crossing,
          serial_ice_h, ontoclasm_vaults_tryst, vaults_room_glass_cross,
          vaults_standard_mumra_enter_the_diamond, grunt_vaults_hallway_short,
          vaults_room_fours, ontoclasm_vaults_twist, uniq_xtahua
Vaults:3: v_rooms_3, minmay_crypt_entry_nasty_monster, vaults_room_octagon,
          vaults_room_pools, nicolae_vaults_sealed_display,
          nicolae_vaults_angled_halls, hangedman_vaults_snaps,
          hangedman_vaults_maws, nicolae_vaults_alarming,
          grunt_vaults_hallway_short
Vaults:4: nicolae_vaults_network_quinsquares, st_eye, v_alt_pattern_1,
          vaults_standard_mumra_enter_the_diamond, hangedman_vaults_variations,
          v_misc_23, hangedman_vaults_capsules,
          nicolae_vaults_network_periphery, vaults_room_door_ring,
          hangedman_vaults_maws, nicolae_vaults_circle_grid_a, uniq_sojobo
Lab:      labyrinth_mini_lab
Trove:    trove_books_scrolls

Skill      XL: |  1  2  3  4  5  6  7  8  9 10 11 12 13 14 15 16 17 18 19 20 21 22 23 24 25 |
---------------+----------------------------------------------------------------------------+-----
Shields        | 4 5 6 7 9 10 11 12 13 14 15 16 17 18 19 20 21 22 23 | 23.6
Dodging        | 1 2 3 4 5 6 7 8 9 10 11 12 13 14 | 14.3
Fighting       | 4 5 6 7 8 9 10 11 12 13 14 15 16 | 16.8
Armour         | 4 5 6 7 8 9 10 11 12 13 14 15 16 | 16.4
Axes           | 3 4 5 6 7 8 9 10 11 12 13 14 15 | 15.2
Invocations    | 1 3 4 6 7 8 9 10 | 10.0
Evocations     | 3 4 6 7 8 9 10 11 12 13 14 15 | 15.3
Earth Magic    | 3 5 6 |  6.4
Crossbows      | 3 5 7 9 10 11 12 13 14 | 14.2

Action                   |  1- 3 |  4- 6 |  7- 9 | 10-12 | 13-15 | 16-18 | 19-21 | 22-24 | 25-27 || total
-------------------------+-------+-------+-------+-------+-------+-------+-------+-------+-------++-------
Melee: War axe           |    95 |   119 |   285 |   639 |   784 |       |       |       |       ||  1922
       Morningstar       |       |       |       |     9 |    34 |     6 |       |       |       ||    49
       Unarmed           |       |       |       |       |    36 |       |       |       |       ||    36
       Battleaxe         |       |       |       |       |   444 |   909 |   924 |   929 |   280 ||  3486
 Fire: Arbalest          |       |       |       |       |    99 |   415 |   461 |   454 |   110 ||  1539
       Triple crossbow   |       |       |       |       |       |       |       |       |    12 ||    12
 Cast: Lee's Rapid Decon |       |       |       |       |       |     8 |       |       |       ||     8
Invok: Heroism           |       |     1 |     8 |    11 |    10 |     5 |     1 |     6 |     3 ||    45
       Finesse           |       |       |       |     4 |     7 |     5 |     1 |     6 |     3 ||    26
 Abil: Dig               |       |     1 |       |     6 |    10 |     2 |     1 |     1 |     2 ||    23
       Evoke Flight      |       |       |       |       |       |     2 |       |       |       ||     2
       Evoke Invisibilit |       |       |       |       |       |     1 |       |     1 |     2 ||     4
       Shaft Self        |       |       |       |       |       |       |       |       |     2 ||     2
Evoke: Wand              |       |       |       |     9 |     1 |    17 |     7 |    12 |    15 ||    61
       Lamp of fire      |       |       |       |     1 |     3 |     5 |     2 |     3 |     2 ||    16
       Phial of floods   |       |       |       |       |       |     3 |     1 |       |     1 ||     5
       Rod               |       |       |       |       |       |       |       |     2 |     8 ||    10
       Fan of gales      |       |       |       |       |       |       |       |     1 |     1 ||     2
  Use: Scroll            |     5 |     3 |    12 |    11 |     9 |     9 |    13 |     9 |     5 ||    76
       Potion            |       |     1 |     1 |     2 |     2 |     3 |     4 |       |     5 ||    18
 Stab: Petrified         |       |       |       |       |     5 |       |     2 |       |       ||     7
       Distracted        |       |       |       |       |       |     2 |       |       |       ||     2
       Invisible         |       |       |       |       |       |     2 |       |    10 |       ||    12
       Petrifying        |       |       |       |       |       |       |     1 |       |       ||     1
  Eat: Chunk             |       |     4 |    11 |    17 |    37 |    32 |    35 |    30 |     9 ||   175
       Fruit             |       |       |       |     1 |     3 |     2 |       |       |       ||     6
       Beef jerky        |       |       |       |       |     1 |     1 |       |       |       ||     2
       Royal jelly       |       |       |       |       |     1 |     3 |     1 |       |     1 ||     6
       Bread ration      |       |       |       |       |       |       |       |     1 |     1 ||     2
Armor: Scale mail        |    51 |    66 |    35 |       |       |       |       |       |       ||   152
       Chain mail        |       |       |    50 |       |       |       |       |       |       ||    50
       Plate armour      |       |       |    14 |   219 |   505 |   280 |    21 |       |       ||  1039
       Crystal plate arm |       |       |       |       |       |       |   368 |   281 |   113 ||   762
Dodge: Dodged            |    37 |    66 |    90 |   146 |   398 |   278 |   245 |   219 |    79 ||  1558
Block: Shield            |    56 |    81 |   135 |    14 |       |       |       |       |       ||   286
       Large shield      |       |       |       |   600 |  1523 |  1390 |  1322 |  1154 |   373 ||  6362
       Reflection        |       |       |       |       |       |   166 |   178 |   164 |    16 ||   524
